 Seeded DCSS version 0.29.1-13-g9f3cf754e1 (webtiles) character file.

Game seed: 16245865983455551772 (custom seed)

60 OTABOTABOTAB the Caller (level 4, 27/27 HPs)
             Began as an Octopode Summoner on Jan 27, 2023.
             Quit the game on level 2 of the Dungeon.
             The game lasted 00:03:21 (2380 turns).

OTABOTABOTAB the Caller (Octopode Summoner)         Turns: 2380, Time: 00:03:21

Health: 27/27      AC:  1    Str:  7    XL:     4   Next: 6%
Magic:  7/7        EV: 13    Int: 31    God:
Gold:   91         SH:  0    Dex: 12    Spells: 2/8 levels left

rFire   . . .      SeeInvis .   b - +0 dagger
rCold   . . .      Faith    .   (no shield)
rNeg    . . .      Spirit   .   (helmet restricted)
rPois   .          Reflect  .   (no amulet)
rElec   .          Harm     .   I - +6 ring of intelligence
rCorr   .          Rampage  .   h - +6 ring of intelligence
Will    .....                   (no ring)
Stlth   +++.......              (no ring)
HPRegen 0.09/turn               (no ring)
MPRegen 0.10/turn               (no ring)
                                (no ring)
                                (no ring)

@: no status effects
A: almost no armour, amphibious, 8 rings, camouflage 1, gelatinous body 1,
(nimble swimmer 1), tentacles
a: no special abilities


You were on level 2 of the Dungeon.
You visited 1 branch of the dungeon, and saw 2 of its levels.

You collected 91 gold pieces.

Inventory:

Hand Weapons
 a - a +0 sling
   (You found it on level 1 of the Dungeon)
 b - a +0 dagger (weapon)
   (You took it off a goblin on level 1 of the Dungeon)
Missiles
 f - 2 poisoned darts
 s - 22 stones
Jewellery
 h - a +6 ring of intelligence (right tentacle)
   (You found it on level 1 of the Dungeon)
 I - a +6 ring of intelligence (left tentacle)
   (You found it on level 1 of the Dungeon)
Scrolls
 c - 3 scrolls of acquirement {unknown}
 g - a scroll of identify {unknown}
 j - a scroll of enchant weapon {unknown}
 Y - a scroll of teleportation {@r3}
Potions
 d - a potion of might {unknown}
 e - 2 potions of flight {unknown}
 i - a potion of lignification {unknown}
 M - a potion of magic


   Skills:
 + Level 2.7 Dodging
 + Level 3.8 Stealth
 + Level 2.5 Spellcasting
 + Level 4.4 Summonings


You had 2 spell levels left.
You knew the following spells:

 Your Spells              Type           Power      Damage    Failure   Level
a - Summon Small Mammal   Summ           100%       N/A       1%          1
b - Call Canine Familiar  Summ           31%        N/A       3%          3
c - Call Imp              Summ           31%        N/A       1%          2

Your spell library contained the following spells:

 Spells                   Type           Power      Damage    Failure   Level
 Sting                    Tmut/Pois      12%        1d3       7%          1
 Poisonous Vapours        Pois/Air       6%         N/A       11%         2
 Summon Guardian Golem    Hex/Summ       17%        N/A       9%          3
 Summon Lightning Spire   Summ/Air       17%        N/A       28%         4
 Olgreb's Toxic Radiance  Pois           3%         N/A       56%         4


Dungeon Overview and Level Annotations

Branches:
Dungeon (2/15)

Altars:


Innate Abilities, Weirdness & Mutations

You cannot wear most types of armour.
You are amphibious.
You can wear up to eight rings at the same time.
Your skin changes colour to match your surroundings (Stealth+).
Your rubbery body absorbs attacks. (AC +1, EV +1)
((You are camouflaged when in or above water. (Stealth+)))
You have tentacles for arms and can constrict up to eight enemies at once.


Message History

There is an open door here.
There is a stone staircase leading down here.
You climb downwards.
Your summoned ally is left behind.
There is a stone staircase leading up here.
i - a glowing emerald potion A rat comes into view.
You now have 3/6 mp.
The rat bites you.
You take 1 damage, and have 20/21 hp.
Your hound bites the rat.
Your hound closely misses the rat.
The rat bites you.
You take 3 damage, and have 17/21 hp.
Your hound barely misses the rat.
The rat barely misses you.
Your hound bites the rat.
The rat dies!
You swap places.
You now have 55 gold pieces (gained 15).
You swap places.
j - a scroll labelled PEWESOQEAK Health restored: 21; MP restored: 6
As you read the scroll labelled PEWESOQEAK, it crumbles to dust.
Wisps of shadow whirl around you...
It was a scroll of summoning.
As you read the scroll labelled XODATU UXUOJ, it crumbles to dust.
You feel strangely unstable.
It was a scroll of teleportation.
You start waiting.
Your surroundings suddenly seem different.
You swap places.
Y - a scroll of teleportation {@r3} You swap places.
Your goblin dissolves into shadows!
Your ball python dissolves into shadows!
Found a stone staircase leading down.
g - a scroll labelled DOIQEGH ICARY Your hound disappears in a puff of smoke!
s - 22 stones (gained 8)
Found a stone staircase leading down.
A bat comes into view.
You now have 3/6 mp.
Your hound bites the bat.
The bat hits your hound.
The bat hits your hound but does no damage.
Your hound bites the bat.
The bat dies!
Your hound disappears in a puff of smoke!
You see here a bat corpse.
You see here a bat corpse.
j - a scroll labelled WUDUNO YGUA MP restored: 6
Found a stone staircase leading down.
You now have 69 gold pieces (gained 14).
Found an escape hatch in the ceiling.
Found a stone staircase leading up.
An adder comes into view.
You now have 3/6 mp.
The adder hisses angrily.
Your hound bites the adder.
The adder closely misses your hound.
Your hound misses the adder. The adder bites your hound.
Your hound bites the adder.
Your hound misses the adder. The adder bites your hound.
Your hound is poisoned.
The adder poisons your hound!
Your hound misses the adder. The adder closely misses your hound.
Your hound bites the adder.
The adder dies!
Your hound looks more healthy.
Your hound disappears in a puff of smoke!
Jessica the Apprentice Sorceress comes into view.
She is wielding a +0 dagger of draining.
MP restored: 6 You now have 3/6 mp.
Your hound completely misses Jessica.
Jessica shouts!
Your hound barely misses Jessica.
Jessica hits your hound with a +0 dagger of draining.
Your hound bites Jessica.
Your hound bites Jessica but does no damage.
Jessica closely misses your hound.
Your hound bites Jessica.
Jessica hits your hound with a +0 dagger of draining.
Jessica drains your hound.
Your hound bites Jessica.
Your hound bites Jessica.
Jessica dies!
You have reached level 4!
Health restored: 27 You swap places.
Things that are here:
a +0 dagger of draining; a +0 robe; the human corpse of Jessica Your hound seems less drained.
You swap places.
Found an escape hatch in the floor.
MP restored: 7
There is an escape hatch in the floor here.
You pick up a Young Poisoner's Handbook and begin reading...
You add the spells Sting, Poisonous Vapours and Olgreb's Toxic Radiance to your library.
Unknown command.
You now have 79 gold pieces (gained 10).
You now have 82 gold pieces (gained 3).
Found a stone staircase leading up.
You swap places.
You swap places.
You now have 91 gold pieces (gained 9).
A rat comes into view.
Okay, then.

..###.##.# #.# #.# #..... ..#
#.##.# #.# #.# #..### .####....##
.# #.# #..... .###......# .# #.#
#..### <<........# r# #.# #.....
###.......# .# #.# #.....
#.#....## .# #.# #..###
#.#.###########.# #.# #.....
#.#.#........h@.# #.# ##.###
###.#.#.########### #.# #.#
........# #.# #.# ###.#####
#########.# #.# .##.# #.........#
#.# .##.##########.######### #.#
..................###########.#
###.##########..............#.###
#.## #.##.####.##.....>..


You could see a rat (asleep) and a friendly hound (summoned).

Vanquished Creatures
  A bat (D:1)
  3 endoplasms (D:1)
  2 hobgoblins (D:1)
  2 quokkas (D:1)
  A kobold (D:1)
9 creatures vanquished.

Vanquished Creatures (collateral kills)
  Jessica (D:2)
  An adder (D:2)
  2 ball pythons (D:1)
  An endoplasm (D:1)
  2 goblins (D:1)
  A hobgoblin (D:1)
  A kobold (D:1)
  A quokka (D:1)
  A bat (D:2)
  A frilled lizard (D:1)
  2 rats
14 creatures vanquished.

Grand Total: 23 creatures vanquished

Notes
Turn   | Place    | Note
-------+----------+-------------------------------------------
     0 | D:1      | OTABOTABOTAB the Octopode Summoner began the quest for the
                  | Orb.
     0 | D:1      | Reached XP level 1. HP: 11/11 MP: 3/3
   230 | D:1      | Reached skill level 3 in Stealth
   230 | D:1      | Reached XP level 2. HP: 17/17 MP: 1/5
   325 | D:1      | Found a faded altar of an unknown god.
  1185 | D:1      | Learned a level 2 spell: Call Imp
  1529 | D:1      | Reached XP level 3. HP: 21/21 MP: 3/6
  1533 | D:1      | Learned a level 3 spell: Call Canine Familiar
  2134 | D:2      | Noticed Jessica
  2145 | D:2      | Killed Jessica
  2146 | D:2      | Reached XP level 4. HP: 27/27 MP: 4/7
  2380 | D:2      | Quit the game

Illustrated notes

Levels and vault maps discovered:
D:1:      minmay_arrival_hallway, layout_loops_corners, basic_ecumenical_altar,
          minmay_unequal
D:2:      layout_loops_ring, uniq_jessica

Skill      XL: |  1 |
---------------+----+-----
Stealth        | 3 |  3.8
Dodging        | |  2.7
Spellcasting   | |  2.5
Summonings     | |  4.4

Action                   |  1- 3 |  4- 6 || total
-------------------------+-------+-------++-------
Melee: Unarmed           |     4 |       ||     4
       Dagger            |    11 |       ||    11
       Tentacles         |     5 |       ||     5
       Constrict         |     4 |       ||     4
 Fire: Sling             |    15 |       ||    15
 Cast: Summon Small Mamm |    20 |       ||    20
       Call Imp          |     4 |       ||     4
       Call Canine Famil |     4 |       ||     4
  Use: Scroll            |     2 |       ||     2
Dodge: Dodged            |    12 |       ||    12

Table legend: (Time is in decaauts)
 A = Elapsed time spent in this place.
 B = Non-inter-level travel time spent in this place.
 C = Inter-level travel time spent in this place.
 D = Time resting spent in this place.
 E = Time spent auto-exploring this place.
 F = Levels seen in this place.
 G = Mean time per level.
                   A        B        C        D        E       F      G
               +--------+--------+--------+--------+--------+-----+--------+
         Total |   2377 |   2328 |     49 |    191 |   1892 |   2 | 1188.5 |
       Dungeon |   2377 |   2328 |     49 |    191 |   1892 |   2 | 1188.5 |
               +--------+--------+--------+--------+--------+-----+--------+

Top non-repeatable levels by time:
     D:1: 1668 daAuts
     D:2: 708 daAuts

Table legend:
 A = Kills in this place as a percentage of kills in entire the game.
 B = Kills by you in this place as a percentage of kills by you in the entire game.
 C = Kills by friends in this place as a percentage of kills by friends in the entire game.
 D = Other kills in this place as a percentage of other kills in the entire game.
 E = Experience gained in this place as a percentage of experience gained in the entire game.
 F = Experience gained in this place divided by the number of levels of this place that you have seen.
                   A       B       C       D       E      F
               +-------+-------+-------+-------+-------+----------------------
         Total | 100.0 | 100.0 | 100.0 |   N/A | 100.0 |  43.5
       Dungeon | 100.0 | 100.0 | 100.0 |   N/A | 100.0 |  43.5
               +-------+-------+-------+-------+-------+----------------------
